 Dungeon Crawl Stone Soup version 0.31.0-11-ge490571c62 (webtiles) character file.

Game seed: 13678338026465735396

677 bearlyready the Ruffian (level 7, -10/43 HPs)
             Began as an Octopode Shapeshifter on Feb 4, 2024.
             Mangled by a gnoll
             ... wielding a +2 whip of electrocution
             ... led by a gnoll bouda
              (19 damage)
             ... on level 5 of the Dungeon.
             The game lasted 00:04:24 (2535 turns).

bearlyready the Ruffian (Octopode Shapeshifter)     Turns: 2535, Time: 00:04:25

Health: -10/43     AC:  1    Str: 15    XL:     7   Next: 60%
Magic:  7/7        EV: 13    Int: 19    God:
Gold:   113        SH:  0    Dex: 11    Spells: 6/6 levels left

rFire   . .          .
                       - Unarmed
rCold   . . .        (no shield)
rNeg    . . .        (helmet currently unavailable)
rPois   .            g - amulet of the acrobat
rElec   .            m - +6 ring of intelligence
rCorr   .            (no ring)
SInv    .            (no ring)
Will    .....        (no ring)
Stlth   ++           (no ring)
HPRegen 0.27/turn    (no ring)
MPRegen 0.10/turn    (no ring)
                     (no ring)

%: acrobat
@: beast-form
A: beast (slay +3), almost no armour, amphibious, 8 rings, camouflage 1,
gelatinous body 1, (nimble swimmer 1), tentacles
a: Begin Untransformation


You were on level 5 of the Dungeon.
You were a hulking beast.
You visited 1 branch of the dungeon, and saw 5 of its levels.

You collected 113 gold pieces.

Inventory:

Missiles
 h - 4 poisoned darts (quivered)
Armour
 r - a +0 cloak
Jewellery
 g - an amulet of the acrobat (around mantle)
 m - a +6 ring of intelligence (left tentacle)
Talismans
 b - a beast talisman
 c - a flux talisman
 s - a flux talisman
Scrolls
 f - a scroll of vulnerability {unknown}
 j - a scroll of immolation {unknown}
 n - 4 scrolls of noise {unknown}
 p - a scroll of fog {unknown}
 q - a scroll of enchant weapon {unknown}
Potions
 e - a potion of experience {unknown}
 i - a potion of invisibility {unknown}
 k - 2 potions of mutation {unknown}
 l - a potion of ambrosia {unknown}


   Skills:
 - Level 1.0 Fighting
 - Level 2.0 Dodging
 + Level 6.4 Unarmed Combat
 + Level 6.0 Shapeshifting


You had 6 spell levels left.
You didn't know any spells.
Your spell library contained the following spells:

 Spells                   Type           Power      Damage    Failure   Level
 Shock                    Conj/Air       0%         1d3       21%         1
 Swiftness                Air            0%         N/A       52%         3
 Airstrike                Air            0%         2d(0-16)  90%         4


Dungeon Overview and Level Annotations

Branches:
Dungeon (5/15)
 Temple: D:4-7

Altars:
Hepliaklqana
Yredelemnul

Shops:
D:5 :


Innate Abilities, Weirdness & Mutations

You are a hulking beast.
Your limbs bulge with bestial killing power. (Slay +3)
You cannot wear most types of armour.
You are amphibious.
You can wear up to eight rings at the same time.
Your skin changes colour to match your surroundings (Stealth+).
Your rubbery body absorbs attacks. (AC +1, EV +1)
((You are camouflaged when in or above water. (Stealth+)))
You have tentacles for arms and can constrict up to eight enemies at once.


Message History

The gnoll bouda misses you.
You tentacle-slap the gnoll bouda.
The gnoll bouda is lightly wounded.
You constrict the gnoll bouda. You tentacle-slap the gnoll bouda.
You squeeze the gnoll bouda, but do no damage.
The gnoll bouda is moderately wounded.
You constrict the gnoll bouda, but do no damage.
The gnoll bouda barks out a call to the hunt!
The gnolls pick up the pace!
You bludgeon the gnoll bouda!
The gnoll bouda is almost dead.
You constrict the gnoll bouda, but do no damage.
The gnoll bouda completely misses you.
You tentacle-slap the gnoll bouda but do no damage.
The gnoll bouda is almost dead.
You constrict the gnoll bouda.
The gnoll bouda gazes fiercely through you!
You feel your attacks grow feeble. The gnoll bouda barely misses you.
You tentacle-slap the gnoll bouda.
You kill the gnoll bouda!
Your Shapeshifting skill increases to level 6!
You tentacle-slap the gnoll. You grab the gnoll. You tentacle-slap the gnoll.
You squeeze the gnoll.
The gnoll is almost dead.
You constrict the gnoll. The gnoll barely misses you.
You tentacle-slap the gnoll.
You kill the gnoll!
You barely miss the gnoll. Your grab misses the gnoll.
The gnoll hits you with a +2 whip of electrocution!
You are electrocuted!
The gnoll closely misses you.
You tentacle-slap the gnoll. You grab the gnoll.
The gnoll is lightly wounded.
Your attacks no longer feel as feeble.
You constrict the gnoll.
The gnoll hits you with a +2 whip of electrocution!
* * * LOW HITPOINT WARNING * * *
You are electrocuted!!
You die...

############## .
#..g.†..)..... ..
#.####...####
##.######.#hgg...#
..........####...#
..................######
#.................)....#
#.#####.#[####...####.#
#..####g#.....####
#......#####.#
#####........♣#
#........##...#


You could see 2 gnolls.

Vanquished Creatures
  Grinder (D:5)
  A phantom (D:5)
  2 scorpions (D:5)
  A bombardier beetle (D:3)
  A gnoll bouda (D:5)
  An iguana (D:4)
  An orc wizard (D:5)
  A gnoll (D:5)
  3 adders
  A dart slug (D:2)
  3 orcs
  6 bats
  12 endoplasms
  4 giant cockroaches
  6 goblins
  9 hobgoblins
  2 quokkas (D:3)
  8 ball pythons
  4 frilled lizards
  6 kobolds
  6 rats
79 creatures vanquished.

Vanquished Creatures (collateral kills)
  A jelly (D:5)
  A sleepcap (D:5)
2 creatures vanquished.

Grand Total: 81 creatures vanquished

Notes
Turn   | Place    | Note
-------+----------+-------------------------------------------
     0 | D:1      | bearlyready the Octopode Shapeshifter began the quest for
                  | the Orb.
     0 | D:1      | Reached XP level 1. HP: 13/13 MP: 1/1
   100 | D:1      | Reached XP level 2. HP: 18/18 MP: 2/2
   395 | D:1      | Reached XP level 3. HP: 18/23 MP: 3/3
   445 | D:1      | You fall into a shaft and drop 1 floor!
   762 | D:2      | Reached XP level 4. HP: 28/28 MP: 4/4
  1407 | D:3      | Found a hazy altar of Hepliaklqana.
  1645 | D:3      | Reached XP level 5. HP: 33/33 MP: 5/5
  1791 | D:3      | Found a basalt altar of Yredelemnul.
  2088 | D:4      | Noticed a black bear
  2101 | D:5      | Entered Level 5 of the Dungeon
  2120 | D:5      | Noticed a phantom
  2138 | D:5      | Killed a phantom
  2139 | D:5      | Reached skill level 5 in Unarmed Combat
  2139 | D:5      | Reached XP level 6. HP: 19/38 MP: 6/6
  2144 | D:5      | Reached skill level 5 in Shapeshifting
  2280 | D:5      | Found Gyupy's Book Shoppe.
  2297 | D:5      | Noticed Grinder
  2321 | D:5      | Killed Grinder
  2322 | D:5      | Reached XP level 7. HP: 10/43 MP: 7/7
  2535 | D:5      | Mangled by a gnoll

Illustrated notes

Levels and vault maps discovered:
D:1:      evilmike_arrival_plus, layout_rooms, minivault_24,
          nicolae_figureground_sparkle
D:2:      minmay_skewed_foursquare, layout_loops_ring
D:3:      layout_loops_ring, mainiacjoe_overflow_catch_the_wave
D:4:      layout_rooms, tso_altar
D:5:      layout_basic, mainiacjoe_overflow_catwalk,
          nicolae_ru_sacrificial_ziggurat, serial_shops,
          nicolae_shop_pleasant_corner_grove, uniq_grinder, uniq_sigmund,
          uniq_crazy_yiuf_cottage

Skill      XL: |  1  2  3  4  5  6  7 |
---------------+----------------------+-----
Unarmed Combat | 4 5 6 |  6.4
Shapeshifting  | 4 5 6 |  6.0
Fighting       | |  1.0
Dodging        | |  2.0

Action                     |  1- 3 |  4- 6 |  7- 9 || total
---------------------------+-------+-------+-------++-------
  Melee: Unarmed           |    65 |    72 |    14 ||   151
         Constrict         |    16 |    13 |     4 ||    33
         Tentacles         |    14 |    12 |     4 ||    30
         Punch             |     3 |     2 |     1 ||     6
  Throw: Dart              |       |     1 |     2 ||     3
    Use: Potion            |       |     3 |       ||     3
         Scroll            |       |     1 |       ||     1
   Stab: Sleeping          |     6 |    12 |       ||    18
 Armour: Skin              |    16 |    23 |     4 ||    43
  Dodge: Dodged            |    17 |    25 |     7 ||    49
